 Dungeon Crawl Stone Soup version 0.24-a0-644-g049a785 (webtiles) character file.

Game seed: 8166293907434532425, levelgen mode: deterministic

35 ChiliFlavouring the Grave Robber (level 3, 0/26 HPs)
             Began as a Demonspawn Necromancer on Sept 25, 2019.
             Slain by a worm (7 damage)
             ... on level 2 of the Dungeon.
             The game lasted 00:05:59 (1455 turns).

ChiliFlavouring the Grave Robber (DsNe)             Turns: 1455, Time: 00:05:59

Health: 0/26       AC:  2    Str:  8    XL:     3   Next: 17%
Magic:  1/6        EV: 12    Int: 17    God:
Gold:   86         SH:  0    Dex: 13    Spells: 4/6 levels left

rFire    . . .     SeeInvis .   l - +0 dagger
rCold    . . .     Gourm    .   (no shield)
rNeg     . . .     Faith    .   a - +0 robe
rPois    .         Spirit   .   (no helmet)
rElec    .         Reflect  .   (no cloak)
rCorr    .         Harm     .   (no gloves)
MR       .....                  (no boots)
Stlth    ++........             (no amulet)
HPRegen  0.08/turn              (no ring)
MPRegen  0.10/turn              (no ring)

@: very slightly contaminated
A: rot immunity
a: no special abilities


You were on level 2 of the Dungeon.
You were not hungry.

You visited 1 branch of the dungeon, and saw 2 of its levels.

You collected 86 gold pieces.

Inventory:

Hand Weapons
 l - a +0 dagger (weapon)
Missiles
 i - 18 poisoned darts (quivered)
Armour
 a - a +0 robe (worn)
Jewellery
 k - a cursed amulet of inaccuracy {unknown}
Wands
 j - a wand of disintegration (11)
Scrolls
 d - 2 scrolls of identify {unknown}
 e - a scroll of amnesia {unknown}
 g - a scroll of enchant armour {unknown}
Potions
 f - 3 potions of curing {unknown}
 h - 2 potions of lignification {unknown}
Comestibles
 b - 2 chunks of flesh
 c - 6 rations


   Skills:
 + Level 1.2 Fighting
 + Level 2.2 Dodging
 - Level 1.7 Stealth
 + Level 2.4 Spellcasting
 + Level 4.7 Necromancy


You had 4 spell levels left.
You knew the following spells:

 Your Spells              Type           Power        Failure   Level  Hunger
a - Pain                  Necr           ###.         2%          1    #......
b - Animate Skeleton      Necr           N/A          2%          1    #......

Your spell library contained the following spells:

 Spells                   Type           Power        Failure   Level  Hunger
 Vampiric Draining        Necr           ###.......   9%          3    ###....
 Regeneration             Chrm/Necr      ##........   22%         3    ###....
 Animate Dead             Necr           N/A          26%         4    #####..


Dungeon Overview and Level Annotations

Branches:
Dungeon (2/15)

Altars:


Innate Abilities, Weirdness & Mutations

You are immune to rotting.


Message History

The worm is heavily wounded.
The worm closely misses you.
You hit the worm.
The worm is heavily wounded.
You barely miss the worm.
The worm is heavily wounded.
The worm bites you!
You hit the worm.
The worm is heavily wounded.
You hit the worm but do no damage.
The worm is heavily wounded.
The worm bites you.
* * * LOW HITPOINT WARNING * * *
Casting: Pain (safe; 2% risk of failure)
Confirm with . or Enter, or press ? or * to list all spells.
Aiming: Pain (safe; 2% risk of failure)
Press: ? - help, Shift-Dir - straight line, f/p - worm
Aim: a worm (heavily wounded, chance to defeat MR: 84%)
The worm writhes in agony.
The worm bites you!
You die...

##..##..####.......#
#%.##..###.+.......#
......####.#.......#
##.................#
#.#######.........#
#.# #.........#
#Z#######.........#
##.......#.........#
...Z####.#......@..#
###.# #.#......w###
#.# #.#.##.##)#
###.## #.#....#...
#....###.##### ..#
#....'...# ....
#....##### ...#
#....# ....# #....#


You could see a worm.

Vanquished Creatures
  An ooze (D:1)
  A dart slug (D:2)
  A leopard gecko (D:1)
  A giant cockroach (D:1)
  5 goblins
  3 hobgoblins
  6 kobolds
  3 bats (D:1)
  A frilled lizard (D:1)
  A rat (D:1)
23 creatures vanquished.

Vanquished Creatures (collateral kills)
  A dart slug (D:1)
  A frilled lizard (D:2)
2 creatures vanquished.

Grand Total: 25 creatures vanquished

Notes
Turn   | Place    | Note
-------+----------+-------------------------------------------
     0 | D:1      | ChiliFlavouring the Demonspawn Necromancer began the quest
                  | for the Orb.
     0 | D:1      | Reached XP level 1. HP: 13/13 MP: 3/3
     2 | D:1      | Noticed a vampire
     2 | D:1      | Noticed a vine stalker
     4 | D:1      | Noticed a halfling
     4 | D:1      | Noticed a demigod
     6 | D:1      | Noticed a minotaur
     6 | D:1      | Noticed a dwarf
     8 | D:1      | Noticed a formicid
     8 | D:1      | Noticed an elf
    10 | D:1      | Noticed a merfolk
    10 | D:1      | Noticed an ogre
    12 | D:1      | Noticed a tengu
    14 | D:1      | Noticed a gargoyle
    14 | D:1      | Noticed a troll
    16 | D:1      | Noticed a human
    16 | D:1      | Noticed a ghoul
    18 | D:1      | Noticed a naga
    20 | D:1      | Noticed an octopode
    20 | D:1      | Noticed a centaur
    22 | D:1      | Noticed a felid
    24 | D:1      | Noticed a draconian
    24 | D:1      | Noticed a spriggan
    26 | D:1      | Noticed a demonspawn
    45 | D:1      | Learned a level 1 spell: Animate Skeleton
   412 | D:1      | Gained mutation: You are immune to rotting. [demonic
                  | ancestry]
   412 | D:1      | Reached XP level 2. HP: 15/20 MP: 0/5
   973 | D:1      | Reached skill level 1 in Fighting
  1223 | D:2      | Reached XP level 3. HP: 18/26 MP: 1/6
  1455 | D:2      | Slain by a worm

Levels and vault maps discovered:
D:1:      kb_arrival_jail, layout_basic
D:2:      minmay_alternating_diamond, layout_basic

Skill      XL: |  1  2 |
---------------+-------+-----
Dodging        | 2 |  2.2
Fighting       | 1 |  1.2
Stealth        | |  1.7
Spellcasting   | |  2.4
Necromancy     | |  4.7

Action                   || total
-------------------------++-------
Melee: Unarmed           ||    24
       Dagger            ||     6
 Cast: Pain              ||    43
       Animate Skeleton  ||     8
 Stab: Sleeping          ||     1
  Eat: Chunk             ||     2
Armor: Robe              ||     2
Dodge: Dodged            ||    17

Table legend:
 A = Non-vault XP
 B = Vault XP
 C = Vault XP percentage of total XP
 D = Non-vault monster count
 E = Vault monster count
 F = Vault count percentage of total count
                 A         B        C        D         E       F
            +---------+---------+-------+---------+---------+-------
      Total |      45 |       6 |  11.8 |      21 |       4 |  16.0
            +---------+---------+-------+---------+---------+-------
        D:1 |      33 |       0 |   0.0 |      15 |       0 |   0.0
        D:2 |      12 |       6 |  33.3 |       6 |       4 |  40.0
            +---------+---------+-------+---------+---------+-------
